[Event "Team 45 45 League T40"]
[Site "Internet Chess Club"]
[Date "2009.02.06"]
[Round "2"]
[White "nursey"]
[Black "Ivio"]
[Result "0-1"]
[WhiteElo "1676"]
[BlackElo "1732"]
[Opening "French: Marshall variation"]
[ECO "C10"]
[Time "13:30:09"]
[TimeControl "2700+45"]

1. e4 e6 2. d4 d5 3. Nc3 c5 4. exd5 exd5 5. dxc5 Nf6 6. Bb5+ Nc6 7. Be3 a6 8.
Bd3 d4 9. Qd2 dxe3 10. Qxe3+ Qe7 11. Ne4 Nxe4 12. Bxe4 Be6 13. Nf3 Qxc5 14. O-O
Qxe3 15. Bxc6+ bxc6 16. fxe3 Bc5 17. Kf2 O-O 18. Ne5 Rfd8 19. Rad1 Bd5 20. c4
Be4 21. Rd7 Rxd7 22. Nxd7 Bf8 23. Nxf8 Kxf8 24. b4 Rd8 25. Kg3 Rd3 26. Re1 Rd2
27. a4 Rxg2+ 28. Kf4 f5 29. h3 Ke7 30. Rd1 Ke6 {White resigns} 0-1

[Event "Team 45 45 League T40"]
[Site "Internet Chess Club"]
[Date "2009.02.07"]
[Round "2"]
[White "SATELLITE-DAN"]
[Black "vaknight"]
[Result "0-1"]
[WhiteElo "1548"]
[BlackElo "1659"]
[Opening "Sicilian: Smith-Morra gambit"]
[ECO "B21"]
[Time "21:00:50"]
[TimeControl "2700+45"]

1. e4 c5 2. d4 cxd4 3. c3 dxc3 4. Nxc3 e6 5. Nf3 Nc6 6. Bc4 a6 7. a3 Qc7 8. O-O
Nf6 9. Bd3 Bd6 10. Ne2 Ng4 11. g3 Nce5 12. Nxe5 Nxe5 13. Bf4 Nc6 14. Rc1 Bxf4
15. Nxf4 Qe5 16. b4 d6 17. Ne2 O-O 18. f4 Qb2 19. Rc3 Nd4 20. Rc1 Bd7 21. Nxd4
Qxd4+ 22. Rf2 Rac8 23. Rxc8 Rxc8 24. e5 Qe3 25. Qf3 Rc1+ {White resigns} 0-1

[Event "Team 45 45 League T40"]
[Site "Internet Chess Club"]
[Date "2009.02.07"]
[Round "2"]
[White "rayonline53"]
[Black "Tjet"]
[Result "1-0"]
[WhiteElo "1596"]
[BlackElo "1518"]
[Opening "Blackmar gambit"]
[ECO "B01"]
[Time "14:00:14"]
[TimeControl "2700+45"]

1. e4 d5 2. d4 dxe4 3. f3 exf3 4. Nxf3 Bg4 5. Bc4 Bxf3 6. Qxf3 Nf6 7. Be3 c6 8.
Nc3 e6 9. O-O Be7 10. Ne4 O-O 11. Rae1 Nbd7 12. Bd3 Qa5 13. a3 Qh5 14. Qg3 Nd5
15. Bg5 Bxg5 16. Nxg5 g6 17. Re4 Qh6 18. Rh4 Qg7 19. Rxh7 Qxd4+ 20. Kh1 N7f6 21.
Nxe6 Kxh7 22. Nxd4 Rae8 23. c4 Nh5 24. Qg5 Ne3 25. Qxh5+ Kg7 26. Qf3 Nxf1 27.
Qxf1 Rd8 28. Nf3 Rfe8 29. h3 Re7 30. Kh2 a6 31. Ng5 f6 32. Ne4 f5 33. Nc5 a5 34.
Qf3 b6 35. Na4 Red7 36. Be2 b5 37. cxb5 cxb5 38. Nc5 Re7 39. Bxb5 Rd6 40. Qc3+
Kh7 41. Qxa5 Rd1 42. Ba4 Rb1 43. Qc3 Ree1 44. Nd7 Rh1+ 45. Kg3 g5 46. Qf6 f4+
47. Kg4 f3 48. Nf8+ {Black resigns} 1-0

[Event "Team 45 45 League T40"]
[Site "Internet Chess Club"]
[Date "2009.02.08"]
[Round "2"]
[White "alaskauk"]
[Black "SeniorCitizen"]
[Result "1-0"]
[WhiteElo "1530"]
[BlackElo "1379"]
[Opening "French: Rubinstein variation"]
[ECO "C10"]
[Time "14:00:21"]
[TimeControl "2700+45"]

1. e4 e6 2. d4 d5 3. Nc3 dxe4 4. Nxe4 Nd7 5. Nf3 Ngf6 6. Nxf6+ Nxf6 7. Bb5+ c6
8. Be2 Be7 9. c3 O-O 10. Ne5 c5 11. Nf3 cxd4 12. Nxd4 Bc5 13. Nb3 Qxd1+ 14. Bxd1
Be7 15. Bf3 Rd8 16. Bd2 Nd5 17. O-O-O Rb8 18. Rhe1 Kf8 19. Re2 Bd7 20. Bxd5 exd5
21. Bf4 Rbc8 22. Rxd5 Bc6 23. Rxd8+ Rxd8 24. f3 Bd6 25. Bxd6+ Rxd6 26. Nd4 Rd7
27. Nxc6 bxc6 28. Kc2 Re7 29. Rxe7 Kxe7 30. Kd3 Kd6 31. Kd4 f6 32. g3 g6 33. b4
a6 34. Kc4 h5 35. h4 g5 36. a4 gxh4 37. gxh4 f5 38. f4 Kc7 39. Kc5 Kb7 40. c4
Kc7 41. b5 {Black resigns} 1-0

[Event "Team 45 45 League T40"]
[Site "Internet Chess Club"]
[Date "2009.02.07"]
[Round "2"]
[White "C-Jones"]
[Black "Budzo"]
[Result "1/2-1/2"]
[WhiteElo "1632"]
[BlackElo "1793"]
[Opening "French defense"]
[ECO "C00"]
[Time "11:02:42"]
[TimeControl "2700+45"]

1. e4 e6 2. Nf3 d5 3. exd5 exd5 4. d4 Bg4 5. Be2 Bd6 6. O-O Nc6 7. Re1 Nge7 8.
Qd3 O-O 9. Ng5 Bf5 10. Qd1 Nb4 11. Na3 a6 12. c3 Nbc6 13. Nc2 Ng6 14. Bd3 Bxd3
15. Qxd3 {Game drawn by mutual agreement} 1/2-1/2

[Event "Team 45 45 League T40"]
[Site "Internet Chess Club"]
[Date "2009.02.08"]
[Round "2"]
[White "quaksterjohny"]
[Black "BotanicalKnight"]
[Result "0-1"]
[WhiteElo "1447"]
[BlackElo "1616"]
[Opening "Caro-Kann: classical, Spassky variation"]
[ECO "B18"]
[Time "19:00:05"]
[TimeControl "2700+45"]

1. e4 c6 2. d4 d5 3. Nc3 dxe4 4. Nxe4 Bf5 5. Ng3 Bg6 6. Nf3 Nd7 7. h4 h6 8. h5
Bh7 9. Bd3 Bxd3 10. Qxd3 e6 11. Bd2 Ngf6 12. O-O-O Be7 13. Bf4 O-O 14. Ne5 c5
15. Nxd7 Qxd7 16. Be3 Qa4 17. a3 c4 18. Qc3 Nd5 19. Qe1 Bxa3 20. bxa3 c3 21. Rd3
Qxa3+ 22. Kd1 Rac8 23. Ke2 Nb4 24. Bc1 Qa6 25. Qd1 Rfd8 26. Ke1 Nxd3+ 27. cxd3
Rxd4 28. Ne2 c2 29. Qd2 Rxd3 30. f3 Rxd2 31. Bxd2 Qd3 32. Rh3 Rd8 33. Bxh6 gxh6
34. f4 Qd1+ 35. Kf2 Rd2 36. Rg3+ Kf8 37. Re3 c1=Q 38. Kg3 Qxe2 {White resigns}
0-1

[Event "Team 45 45 League T40"]
[Site "Internet Chess Club"]
[Date "2009.02.08"]
[Round "2"]
[White "noblitz-oblige"]
[Black "check-man"]
[Result "1-0"]
[WhiteElo "1590"]
[BlackElo "1497"]
[Opening "Sicilian: Hungarian variation"]
[ECO "B34"]
[Time "18:16:20"]
[TimeControl "2700+45"]

1. e4 c5 2. Nf3 g6 3. d4 cxd4 4. Nxd4 Bg7 5. Nc3 Nc6 6. Nxc6 bxc6 7. Be2 e6 8.
O-O Ne7 9. Bg5 O-O 10. Qd2 f6 11. Bh6 d5 12. Rad1 Bb7 13. exd5 cxd5 14. Bxg7
Kxg7 15. Rfe1 e5 16. Bf1 d4 17. Ne4 Bxe4 18. Rxe4 Qd5 19. Bd3 Qxa2 20. Rh4 h5
21. Qe2 Rh8 22. f4 Qe6 23. fxe5 Qxe5 24. Re4 Qg5 25. Rxe7+ Kf8 26. Re1 Qe3+ 27.
Rxe3 dxe3 28. Qxe3 Kg7 29. Qe7+ Kh6 30. Qxf6 Rhg8 31. Re6 Raf8 32. Qe7 a5 33.
Rxg6+ Rxg6 34. Qxf8+ Kg5 35. Qf5+ Kh4 36. Qxg6 a4 37. Qg3# {Black checkmated}
1-0

[Event "Team 45 45 League T40"]
[Site "Internet Chess Club"]
[Date "2009.02.07"]
[Round "2"]
[White "imawesome"]
[Black "chesskix"]
[Result "1/2-1/2"]
[WhiteElo "1580"]
[BlackElo "1555"]
[Opening "Caro-Kann: exchange variation"]
[ECO "B13"]
[Time "09:00:15"]
[TimeControl "2700+45"]

1. e4 c6 2. d4 d5 3. exd5 cxd5 4. Nf3 Nf6 5. c4 Nc6 6. Nc3 g6 7. Be3 Bg7 8. g3
O-O 9. Qb3 Na5 10. Qb4 Nxc4 11. Bxc4 dxc4 12. Qxc4 b6 13. O-O Bb7 14. Nd2 Rc8
15. Qd3 e5 16. Nb3 e4 17. Qd2 Ng4 18. Bf4 Re8 19. Rfe1 Re6 20. Rad1 e3 21. Bxe3
Nxe3 22. fxe3 Rxc3 23. bxc3 Qd5 24. e4 Rxe4 25. Kf2 Rxe1 26. Kxe1 Qh1+ 27. Ke2
Qg2+ 28. Kd3 Qe4+ 29. Kc4 Ba6+ 30. Kb4 Bf8+ 31. Nc5 bxc5+ 32. Kb3 c4+ 33. Kb2
Qb7+ 34. Ka1 Qf3 35. Re1 Kg7 36. Qe3 Qxe3 37. Rxe3 Bd6 38. Kb2 Bb7 39. Kc2 Bd5
40. Re8 Bc7 41. Re7 Bb6 42. Re5 Be6 43. d5 Bf5+ 44. Kb2 Kf6 45. Re1 h5 46. Rf1
Ke5 47. Rd1 Bd3 48. Re1+ Kxd5 49. Re8 Kd6 50. Re1 f5 51. Re8 Be4 52. Rg8 Ke5 53.
Rxg6 f4 54. Rg5+ Kf6 55. gxf4 Be3 56. Rxh5 Bxf4 57. Ra5 Be3 58. Ka3 Bb6 59. Rh5
Bd3 60. Rh3 Kg5 61. Rg3+ Kf4 62. Kb4 Bf2 63. Rg7 {Game drawn by mutual
agreement} 1/2-1/2

[Event "Team 45 45 League T40"]
[Site "Internet Chess Club"]
[Date "2009.02.08"]
[Round "2"]
[White "BigW"]
[Black "Spady"]
[Result "1/2-1/2"]
[WhiteElo "1589"]
[BlackElo "1673"]
[Opening "Sicilian: Najdorf"]
[ECO "B90"]
[Time "20:02:46"]
[TimeControl "2700+45"]

1. e4 c5 2. Nf3 d6 3. d4 cxd4 4. Nxd4 Nf6 5. Nc3 a6 6. f3 e5 7. Nb3 Be6 8. Be3
Nbd7 9. Qd2 b5 10. Nd5 Nxd5 11. exd5 Bf5 12. g3 Rc8 13. Bd3 Bxd3 14. Qxd3 Nb6
15. O-O-O Nc4 16. f4 Qc7 17. Rhe1 Be7 18. Kb1 O-O 19. f5 Bf6 20. Bc1 a5 21. Nd2
Nxd2+ 22. Bxd2 b4 23. Re4 Rb8 24. Rc4 Qb7 25. Re1 Rfc8 26. Ree4 Rxc4 27. Rxc4
Rc8 28. Rxc8+ Qxc8 29. g4 Qc5 30. Be3 Qc7 31. Qb5 h6 {Game drawn by mutual
agreement} 1/2-1/2

[Event "Team 45 45 League T40"]
[Site "Internet Chess Club"]
[Date "2009.02.09"]
[Round "2"]
[White "AngryPirate"]
[Black "toukon"]
[Result "0-1"]
[WhiteElo "1509"]
[BlackElo "1422"]
[Opening "Sicilian defense"]
[ECO "B20"]
[Time "18:00:16"]
[TimeControl "2700+45"]

1. e4 c5 2. Bb5 a6 3. Bc4 Nc6 4. Nf3 e6 5. a3 g6 6. d3 Bg7 7. Nc3 Nge7 8. Be3
Nd4 9. Bxd4 cxd4 10. Ne2 Nc6 11. O-O O-O 12. Re1 b6 13. b4 Bb7 14. b5 Ne5 15.
Nxe5 Bxe5 16. f4 Bg7 17. bxa6 Bc6 18. Rb1 f5 19. e5 Qh4 20. g3 Qh3 {White
resigns} 0-1

[Event "Team 45 45 League T40"]
[Site "Internet Chess Club"]
[Date "2009.02.09"]
[Round "2"]
[White "Ghashgork"]
[Black "Victorianum"]
[Result "1-0"]
[WhiteElo "1720"]
[BlackElo "1708"]
[Opening "Sicilian: Najdorf"]
[ECO "B90"]
[Time "14:11:09"]
[TimeControl "2700+45"]

1. e4 c5 2. Nf3 d6 3. d4 cxd4 4. Nxd4 Nf6 5. Nc3 a6 6. f3 e5 7. Nb3 Be6 8. Be3
Be7 9. Qd2 Nbd7 10. h4 b5 11. h5 h6 12. g4 Nb6 13. g5 hxg5 14. Bxg5 Rxh5 15.
Rxh5 Nxh5 16. Bxe7 Qxe7 17. O-O-O O-O-O 18. Bxb5 axb5 19. Nxb5 Nc4 20. Qc3 Nf4
21. Qb4 Ne2+ 22. Kb1 Nd4 23. N3xd4 exd4 24. Rxd4 Qb7 25. Rxc4+ Bxc4 26. Qxc4+
Kb8 27. Nd4 Rc8 28. Qb5 Qxb5 29. Nxb5 Rd8 30. Nd4 g6 31. Nc6+ {Black resigns}
1-0

[Event "Team 45 45 League T40"]
[Site "Internet Chess Club"]
[Date "2009.02.06"]
[Round "2"]
[White "celebrat"]
[Black "civilization"]
[Result "0-1"]
[WhiteElo "1577"]
[BlackElo "1628"]
[Opening "Sicilian: Smith-Morra gambit"]
[ECO "B21"]
[Time "20:09:44"]
[TimeControl "2700+45"]

1. e4 c5 2. d4 cxd4 3. c3 dxc3 4. Nxc3 Nc6 5. Nf3 d6 6. Bc4 Nf6 7. O-O e6 8. Bg5
Be7 9. Nb5 a6 10. Nbd4 Nxe4 11. Be3 O-O 12. Qc2 Nf6 13. Bd3 Bd7 14. Ng5 g6 15.
h4 Rc8 16. Qe2 Nd5 17. Bd2 Nxd4 18. Qd1 Nf6 19. g4 Nd5 20. f4 Qb6 21. Kg2 h6 22.
Rh1 Bc6 23. Ne4 Nf6 24. Kg3 Bxe4 {White resigns} 0-1

[Event "Team 45 45 League T40"]
[Site "Internet Chess Club"]
[Date "2009.02.07"]
[Round "2"]
[White "badmove"]
[Black "forsyth"]
[Result "1/2-1/2"]
[WhiteElo "1604"]
[BlackElo "1464"]
[Opening "King's Indian: 5.Nf3"]
[ECO "E90"]
[Time "16:09:08"]
[TimeControl "2700+45"]

1. d4 Nf6 2. c4 g6 3. Nc3 Bg7 4. e4 d6 5. Nf3 O-O 6. h3 Nbd7 7. Be2 e5 8. Bg5
Qe8 9. d5 Kh8 10. g4 Nc5 11. Qc2 Ng8 12. Nd2 h6 13. h4 Nf6 14. Bxh6 Bxg4 15.
Bxg7+ Kxg7 16. O-O-O Bxe2 17. Nxe2 Nh5 18. Ng3 Nf4 19. Nf3 Qa4 20. Qxa4 Nxa4 21.
Kc2 Nc5 22. Ng5 Rh8 23. Nf3 Nh5 24. Nd2 a6 25. Nxh5+ Rxh5 26. Rh3 b5 27. f3 b4
28. Nb3 Nb7 29. Rg1 a5 30. Rg4 a4 31. Nd2 Nc5 32. f4 b3+ 33. axb3 axb3+ 34. Kb1
exf4 35. Rxf4 Rb8 36. Rhf3 f5 37. exf5 Re8 38. Nxb3 Nxb3 39. Rxb3 Rxf5 40. Rxf5
gxf5 41. Rg3+ Kh6 42. Rg5 f4 43. Kc2 f3 44. Rf5 Re2+ 45. Kd3 Rxb2 46. Rxf3 Rb3+
47. Ke4 Rb4 48. Kd4 Kh5 49. Rf7 Rb7 50. Rf4 Rb1 51. Kc3 Rb7 52. Kd4 Rb4 53. Rf7
Rb7 54. Rf4 Rb4 55. Kc3 Rb7 {Game drawn by mutual agreement} 1/2-1/2

[Event "Team 45 45 League T40"]
[Site "Internet Chess Club"]
[Date "2009.02.13"]
[Round "2"]
[White "BarryNL"]
[Black "Mutaant"]
[Result "1-0"]
[WhiteElo "1468"]
[BlackElo "1451"]
[Opening "Ruy Lopez (Spanish opening)"]
[ECO "C60"]
[Time "14:03:43"]
[TimeControl "2700+45"]

1. e4 e5 2. Nf3 Nc6 3. Bb5 Qf6 4. O-O Bc5 5. Bxc6 dxc6 6. c3 Bg4 7. d3 Bxf3 8.
Qxf3 Qxf3 9. gxf3 O-O-O 10. Rd1 Bd6 11. Be3 Ne7 12. Nd2 f5 13. Nc4 f4 14. Nxd6+
cxd6 15. Bc1 d5 16. d4 dxe4 17. fxe4 g5 18. f3 c5 19. d5 Kc7 20. Bd2 Rd6 21. Kf2
h5 22. h3 Rb6 23. b4 c4 24. Ke2 Rg8 25. Rg1 Rg7 26. Be1 a5 27. Bf2 Rb5 28. a3
Nc8 29. a4 Rb6 30. Bxb6+ Nxb6 31. bxa5 Nd7 32. Rab1 b6 33. axb6+ Nxb6 34. a5 Na4
35. Kd2 Kd6 36. Rb4 Nc5 37. Rxc4 Nb3+ 38. Ke2 Nxa5 39. Ra4 Nb3 40. Rb1 Nc5 41.
Rb6+ Kc7 42. Rc6+ {Black resigns} 1-0

[Event "Team 45 45 League T40"]
[Site "Internet Chess Club"]
[Date "2009.02.08"]
[Round "2"]
[White "RingLord"]
[Black "Grenadier"]
[Result "1-0"]
[WhiteElo "1603"]
[BlackElo "1665"]
[Opening "Caro-Kann: advance variation"]
[ECO "B12"]
[Time "14:00:55"]
[TimeControl "2700+45"]

1. e4 c6 2. d4 d5 3. e5 Bf5 4. Be3 e6 5. Nd2 Nd7 6. Be2 Qb6 7. b3 Bb4 8. Nf3 Ne7
9. O-O c5 10. a3 cxd4 11. Nxd4 Bc5 12. Nxf5 Nxf5 13. Bxc5 Nxc5 14. b4 Nd7 15.
Nf3 Rc8 16. Rc1 Rc3 17. Ra1 O-O 18. Bd3 Rfc8 19. Bxf5 exf5 20. Qxd5 Qe6 21. Qxb7
Nxe5 22. Nxe5 Qxe5 23. Qxa7 Rxc2 24. h3 h5 25. a4 Re2 26. b5 Rcc2 27. Rac1 Ra2
28. b6 Qd4 29. Rc8+ Kh7 30. Qxf7 Qxb6 31. Qxh5+ Qh6 32. Qxf5+ g6 33. Rc7+ Kg8
34. Qf7+ {Black resigns} 1-0

[Event "Team 45 45 League T40"]
[Site "Internet Chess Club"]
[Date "2009.02.08"]
[Round "2"]
[White "scar99"]
[Black "Bookkeeper"]
[Result "0-1"]
[WhiteElo "1623"]
[BlackElo "1606"]
[Opening "English: Caro-Kann defensive system"]
[ECO "A11"]
[Time "11:02:31"]
[TimeControl "2700+45"]

1. c4 c6 2. g3 d5 3. Bg2 Bf5 4. cxd5 cxd5 5. Nc3 e6 6. Nf3 Nf6 7. O-O Nc6 8. b3
Rc8 9. Bb2 Be7 10. Rc1 O-O 11. Re1 Re8 12. d3 d4 13. Na4 e5 14. e3 Bb4 15. Re2
dxe3 16. Rxe3 Ng4 17. d4 Nxe3 18. fxe3 exd4 19. Nxd4 Nxd4 20. Bxd4 b6 21. Nb2
Ba3 22. Qd2 Be4 23. Rf1 Rc2 24. Qd1 Rxg2+ {White resigns} 0-1

[Event "Team 45 45 League T40"]
[Site "Internet Chess Club"]
[Date "2009.02.07"]
[Round "2"]
[White "dougmo"]
[Black "GoIrish"]
[Result "0-1"]
[WhiteElo "1536"]
[BlackElo "1641"]
[Opening "Alekhine's defense: exchange variation"]
[ECO "B03"]
[Time "06:30:17"]
[TimeControl "2700+45"]

1. e4 Nf6 2. e5 Nd5 3. d4 d6 4. c4 Nb6 5. exd6 cxd6 6. Nc3 g6 7. Be3 Bg7 8. Rc1
O-O 9. b3 Bf5 10. Nf3 d5 11. c5 Nc8 12. Bd3 Bg4 13. h3 Bxf3 14. Qxf3 e6 15. O-O
Nc6 16. Ne2 N8e7 17. Rfd1 Rb8 18. Bf4 Ra8 19. Qe3 Nb4 20. Bb1 Nec6 21. a3 Na6
22. b4 Nc7 23. Bh6 Bxh6 24. Qxh6 Qf6 25. Rc3 Nb5 26. Rf3 Qg7 27. Qxg7+ Kxg7 28.
a4 Na3 29. Rxa3 Nxb4 30. a5 a6 31. Nc3 Nc6 32. Bc2 Rfc8 33. Ne2 Nb4 34. Ba4 Rab8
35. Rb1 Nc6 36. Bxc6 bxc6 37. Rab3 Rb5 38. Rxb5 axb5 39. Nc1 Kf6 40. f4 Kf5 41.
g3 h5 42. Kf2 Ke4 43. Nb3 Ra8 44. Ra1 Kd3 45. Ra4 bxa4 46. Nc1+ Kxd4 {White
resigns} 0-1

[Event "Team 45 45 League T40"]
[Site "Internet Chess Club"]
[Date "2009.02.08"]
[Round "2"]
[White "fredd"]
[Black "werty"]
[Result "1-0"]
[WhiteElo "1473"]
[BlackElo "1475"]
[Opening "QGD"]
[ECO "D02"]
[Time "08:02:48"]
[TimeControl "2700+45"]

1. d4 d5 2. Nf3 Nf6 3. c4 e6 4. Bg5 Be7 5. e3 c6 6. Bd3 dxc4 7. Bxc4 Nd5 8. Bxe7
Nxe7 9. O-O O-O 10. Nbd2 Ng6 11. Ne4 Re8 12. Bd3 e5 13. Qb3 exd4 14. Neg5 Re7
15. Bxg6 hxg6 16. Ne5 Be6 17. Nxe6 Rxe6 18. Qxb7 Rxe5 19. Qxa8 dxe3 20. Qxa7 e2
21. Rfe1 Rd5 22. Qa4 Rd4 23. Qb3 Rd3 24. Qc4 Rd1 25. Qxe2 {Black resigns} 1-0

[Event "Team 45 45 League T40"]
[Site "Internet Chess Club"]
[Date "2009.02.05"]
[Round "2"]
[White "SuperPeon"]
[Black "cesaralexander"]
[Result "1-0"]
[WhiteElo "1959"]
[BlackElo "1930"]
[Opening "French: Tarrasch, open variation"]
[ECO "C07"]
[Time "19:46:08"]
[TimeControl "2700+45"]

1. e4 e6 2. d4 d5 3. Nd2 c5 4. Ngf3 cxd4 5. Nxd4 Nc6 6. Nxc6 bxc6 7. Bd3 Qb6 8.
O-O Nf6 9. h3 Ba6 10. Bxa6 Qxa6 11. Re1 Be7 12. e5 Nd7 13. Qg4 O-O 14. Nf3 Nc5
15. Bh6 g6 16. Bxf8 Bxf8 17. c3 Nd3 18. Re2 Bg7 19. a4 Rb8 20. b4 Nxb4 21. Rb2
{Black resigns} 1-0

[Event "Team 45 45 League T40"]
[Site "Internet Chess Club"]
[Date "2009.02.05"]
[Round "2"]
[White "frank001"]
[Black "player12321"]
[Result "0-1"]
[WhiteElo "1969"]
[BlackElo "1928"]
[Opening "Vienna gambit"]
[ECO "C29"]
[Time "20:06:46"]
[TimeControl "2700+45"]

1. e4 e5 2. Nc3 Nf6 3. f4 exf4 4. e5 Ng8 5. Nf3 d5 6. d4 g5 7. h3 Bg7 8. Bd3 Nc6
9. a3 h6 10. Bd2 Nge7 11. Qe2 Nf5 12. Bxf5 Bxf5 13. O-O-O Qd7 14. Kb1 O-O-O 15.
Qb5 f6 16. exf6 Bxf6 17. Bc1 Be4 18. Na4 a6 19. Qb3 b6 20. Ka1 Bxf3 21. gxf3
Nxd4 {White resigns} 0-1

[Event "Team 45 45 League T40"]
[Site "Internet Chess Club"]
[Date "2009.02.07"]
[Round "2"]
[White "touchthis"]
[Black "Intelectual"]
[Result "1/2-1/2"]
[WhiteElo "1805"]
[BlackElo "1892"]
[Opening "French: MacCutcheon, Dr. Olland (Dutch) variation"]
[ECO "C12"]
[Time "23:04:04"]
[TimeControl "2700+45"]

1. e4 e6 2. d4 d5 3. Nc3 Nf6 4. Bg5 Bb4 5. e5 h6 6. Bc1 Ne4 7. Qg4 g6 8. Ne2 c5
9. a3 Ba5 10. dxc5 Bxc3+ 11. Nxc3 Nxc3 12. bxc3 Nc6 13. Bb5 Bd7 14. Bxc6 Bxc6
15. O-O Qa5 16. Qb4 Qc7 17. Qd4 Ke7 18. Qf4 Raf8 19. Re1 Ke8 20. Qd4 Qe7 21. Re3
f6 22. exf6 Qxf6 23. Re5 g5 24. Bb2 Rh7 25. Rae1 Re7 26. Qe3 Bd7 27. c4 dxc4 28.
Bc3 Qf4 29. Bb4 Qxe3 30. R1xe3 Rf6 31. c6 Bxc6 32. Bxe7 Kxe7 33. Rc5 Rf4 34.
Rce5 Bd7 35. R3e4 Rf6 36. Rxc4 Kd6 37. Re3 e5 38. Rd3+ Ke6 39. Rc7 Bc6 40. c4 e4
41. Rd8 Kf5 42. c5 Kf4 43. Rd6 Rf5 44. Rh7 Rxc5 45. h3 Rc1+ 46. Kh2 Ra1 47.
Rhxh6 Rxa3 48. Rhf6+ Ke5 49. Rfe6+ Kf5 50. g4+ Kf4 51. Rf6+ Ke5 52. Rfe6+ Kf4
53. Rf6+ Ke5 54. Rfe6+ {Game drawn by mutual agreement} 1/2-1/2

[Event "Team 45 45 League T40"]
[Site "Internet Chess Club"]
[Date "2009.02.07"]
[Round "2"]
[White "Ser-Enigma"]
[Black "bgolev"]
[Result "1-0"]
[WhiteElo "2128"]
[BlackElo "1868"]
[Opening "Two knights defense"]
[ECO "C58"]
[Time "13:33:49"]
[TimeControl "2700+45"]

1. e4 e5 2. Nf3 Nc6 3. Bc4 Nf6 4. Ng5 d5 5. exd5 Na5 6. Bb5+ c6 7. dxc6 bxc6 8.
Bd3 h6 9. Ne4 Nd5 10. Nbc3 Nf4 11. Bf1 Be7 12. g3 Nh3 13. d3 h5 14. Be3 Ng5 15.
Nxg5 Bxg5 16. Bxg5 Qxg5 17. Qd2 Qxd2+ 18. Kxd2 Rb8 19. Re1 f6 20. f4 Kf7 21.
fxe5 Re8 22. b3 fxe5 23. Bg2 Bd7 24. Ne4 Nb7 25. Rhf1+ Kg6 26. Rf2 Rf8 27. Ref1
Rf5 28. Rxf5 Bxf5 29. Ke3 Rd8 30. Nd2 Rd6 31. Nc4 Re6 32. Bxc6 Nd6 33. Bd7 Re7
34. Nxd6 Bxd7 35. h4 Bc6 36. Rf5 Kh6 37. Rg5 g6 38. Nc4 e4 39. d4 Bd7 40. Nd6
Re6 41. Nf7+ Kg7 42. Ne5 Be8 43. Kxe4 Rf6 44. Nf3 Bd7 45. Re5 Bf5+ 46. Ke3 Bxc2
47. Re7+ Rf7 48. Rxf7+ Kxf7 49. Ne5+ Ke6 50. Nc6 Bb1 51. a3 Ba2 52. b4 a6 53.
Ne5 Kf5 54. a4 Bd5 55. Kd3 g5 56. hxg5 Kxg5 57. b5 axb5 58. axb5 Kf5 59. Nc4 Ke6
60. b6 Kd7 61. Na5 Kd6 62. Kc3 Bf3 63. Kb4 Be2 64. b7 Kc7 65. Kc5 Bd1 66. d5 Ba4
67. d6+ Kb8 68. Kb6 {Black resigns} 1-0

[Event "Team 45 45 League T40"]
[Site "Internet Chess Club"]
[Date "2009.02.07"]
[Round "2"]
[White "bobhill"]
[Black "DeLaSalle"]
[Result "1/2-1/2"]
[WhiteElo "2026"]
[BlackElo "2106"]
[Opening "Queen's pawn"]
[ECO "A40"]
[Time "10:00:39"]
[TimeControl "2700+45"]

1. d4 e6 2. Nf3 b6 3. Bg5 Be7 4. Bxe7 Qxe7 5. c3 Bb7 6. e3 f5 7. Nbd2 Nf6 8. Bd3
O-O 9. Qe2 Ne4 10. O-O d6 11. Ne1 Nxd2 12. Qxd2 Nd7 13. f4 Nf6 14. Nf3 Ne4 15.
Qc2 g5 16. Rae1 Kh8 17. c4 Rg8 18. d5 gxf4 19. exf4 exd5 20. Bxe4 dxe4 21. Ng5
Qf6 22. Re3 Rg7 23. b4 h6 24. Nh3 Rag8 25. g3 Qd4 26. Kf2 d5 27. cxd5 Bxd5 28.
Rd1 Qc4 29. Rc3 Qxa2 30. Qxa2 Bxa2 31. Ra1 Bd5 32. Rxa7 c6 33. Ra1 Rd7 34. Ng1
b5 35. Ne2 Bc4 36. Ra6 Rg6 37. Ra8+ Kg7 38. Re8 Rgd6 39. g4 Bxe2 40. Kxe2 Rd2+
41. Ke1 Rxh2 42. gxf5 Ra7 43. f6+ Kf7 44. Re7+ Rxe7 45. fxe7 Kxe7 46. Rxc6 Rb2
47. Rxh6 Rxb4 48. Ke2 Rb3 49. f5 Rf3 50. Re6+ Kd7 51. Rf6 Kc7 52. Rf7+ Kd6 53.
f6 b4 54. Rb7 Rxf6 55. Rxb4 Kd5 56. Rb5+ Kc4 57. Rb8 Rd6 58. Ke3 Re6 59. Rb7 Kc3
60. Rc7+ Kb4 61. Rc8 {Game drawn by mutual agreement} 1/2-1/2

[Event "Team 45 45 League T40"]
[Site "Internet Chess Club"]
[Date "2009.02.08"]
[Round "2"]
[White "charles-allen"]
[Black "Beetlejuice"]
[Result "1-0"]
[WhiteElo "1872"]
[BlackElo "1860"]
[Opening "Sicilian: Taimanov (Bastrikov) variation"]
[ECO "B47"]
[Time "08:00:48"]
[TimeControl "2700+45"]

1. e4 c5 2. Nf3 e6 3. d4 cxd4 4. Nxd4 Nc6 5. Nc3 Qc7 6. Be2 a6 7. O-O Nf6 8. Kh1
Bb4 9. Bg5 Be7 10. f4 d6 11. Nxc6 bxc6 12. Qd4 c5 13. Qe3 Bb7 14. Bf3 h6 15. Bh4
Nd7 16. Bxe7 Kxe7 17. Rae1 Nb6 18. b3 Rhc8 19. Bg4 a5 20. f5 c4 21. fxe6 fxe6
22. Nd5+ Nxd5 23. exd5 e5 24. Bxc8 Rxc8 25. Qf3 Re8 26. Qf7+ Kd8 27. Qxc7+ Kxc7
28. Rf7+ Kb6 29. bxc4 Ba6 30. Re4 Rc8 31. Rxg7 Bxc4 32. Rg6 Bxd5 33. Rxe5 Rxc2
34. Rxd6+ Kc7 35. Rexd5 {Black resigns} 1-0

[Event "Team 45 45 League T40"]
[Site "Internet Chess Club"]
[Date "2009.02.08"]
[Round "2"]
[White "pedrin"]
[Black "QueensCounselor"]
[Result "0-1"]
[WhiteElo "1607"]
[BlackElo "1981"]
[Opening "Sicilian: Canal-Sokolsky attack, 3...Bd7"]
[ECO "B52"]
[Time "13:59:06"]
[TimeControl "2700+45"]

1. e4 c5 2. Nf3 d6 3. Bb5+ Bd7 4. Bxd7+ Nxd7 5. O-O Ngf6 6. d3 g6 7. Bg5 Bg7 8.
Nc3 O-O 9. Bxf6 Nxf6 10. Qd2 a6 11. Rfe1 Ng4 12. h3 Ne5 13. Nxe5 Bxe5 14. f4
Bd4+ 15. Kh1 Qa5 16. a3 b5 17. f5 Rac8 18. fxg6 fxg6 19. Rf1 e6 20. Qg5 Bxc3 21.
bxc3 Qxc3 22. Qe7 Qe5 23. Rxf8+ Rxf8 24. Rb1 Rf2 25. Qe8+ Kg7 26. Qe7+ Rf7 27.
Qe8 Qc3 28. Qxe6 Qxc2 29. Rg1 Qxd3 {White resigns} 0-1

[Event "Team 45 45 League T40"]
[Site "Internet Chess Club"]
[Date "2009.02.06"]
[Round "2"]
[White "LoseOften"]
[Black "andrew28"]
[Result "0-1"]
[WhiteElo "1784"]
[BlackElo "1784"]
[Opening "Sicilian: Najdorf, 7...Be7"]
[ECO "B98"]
[Time "14:42:16"]
[TimeControl "2700+45"]

1. e4 c5 2. Nf3 d6 3. d4 cxd4 4. Nxd4 Nf6 5. Nc3 a6 6. Bg5 e6 7. f4 Be7 8. Qf3
Nbd7 9. Bc4 Nb6 10. Bb3 Qc7 11. O-O-O O-O 12. g4 Nc4 13. Bxf6 Bxf6 14. f5 Bg5+
15. Kb1 Nd2+ 16. Rxd2 Bxd2 17. fxe6 Bxe6 18. Nxe6 fxe6 19. Bxe6+ Kh8 20. Nd5
Rxf3 21. Nxc7 Raf8 22. c3 Rf1+ 23. Rxf1 Rxf1+ 24. Kc2 Rf2 25. Kd3 Rxh2 26. Bd5
b5 27. Nxa6 Bf4 28. b4 Rd2# {White checkmated} 0-1

[Event "Team 45 45 League T40"]
[Site "Internet Chess Club"]
[Date "2009.02.09"]
[Round "2"]
[White "jjmolina"]
[Black "Steinwitz"]
[Result "0-1"]
[WhiteElo "1700"]
[BlackElo "1742"]
[Opening "QGA, 4.Nc3"]
[ECO "D24"]
[Time "14:02:50"]
[TimeControl "2700+45"]

1. d4 d5 2. c4 dxc4 3. Nf3 Nf6 4. Nc3 e6 5. e4 Be7 6. Bxc4 O-O 7. O-O a6 8. a4
b6 9. Qe2 Bb7 10. Rd1 Re8 11. Bf4 Nbd7 12. d5 exd5 13. Nxd5 Nxd5 14. Bxd5 Bxd5
15. Rxd5 Qc8 16. e5 Nc5 17. b4 Qb7 18. Rdd1 Ne6 19. Bd2 Rad8 20. Bc3 Nf4 21. Qc4
Ne6 22. Rd3 Rxd3 23. Qxd3 Rd8 24. Qc2 Qd5 25. Be1 c5 26. bxc5 Bxc5 27. Qf5 Nd4
28. Nxd4 Bxd4 29. Rc1 Qxe5 30. Rc8 Qxe1# {White checkmated} 0-1